 Dungeon Crawl Stone Soup version 0.27.1-34-g3ba077fa99 (webtiles) character file.

Game seed: 5261945040561496661

20 soggyman666 the Sneak (level 2, -2/13 HPs)
             Began as a Spriggan Enchanter on Jan 9, 2022.
             Slain by a hobgoblin (5 damage)
             ... on level 1 of the Dungeon.
             The game lasted 00:04:24 (629 turns).

soggyman666 the Sneak (Spriggan Enchanter)           Turns: 629, Time: 00:04:24

Health: -2/13      AC:  2    Str:  4    XL:     2   Next: 58%
Magic:  4/6        EV: 17    Int: 16    God:
Gold:   35         SH:  0    Dex: 15    Spells: 3/6 levels left

rFire    + . .     SeeInvis +   a - +1 dagger
rCold    . . .     Faith    .   (shield restricted)
rNeg     . . .     Spirit   .   b - +0 robe
rPois    .         Reflect  .   (helmet restricted)
rElec    .         Harm     .   (no cloak)
rCorr    .         Rampage  .   (gloves unavailable)
Will     .....                  (boots unavailable)
Stlth    +++.......             (no amulet)
HPRegen  0.04/turn              c - ring of protection from fire
MPRegen  0.10/turn              (no ring)

@: very quick
A: very small, no large weapons, unfitting armour, see invisible, speed 3
a: no special abilities


You were on level 1 of the Dungeon.
You visited 1 branch of the dungeon, and saw 1 of its levels.

You collected 35 gold pieces.

Inventory:

Hand Weapons
 a - a +1 dagger (weapon)
Armour
 b - a +0 robe (worn)
Jewellery
 c - a ring of protection from fire (left hand)


   Skills:
 + Level 1.1 Short Blades
 + Level 2.7 Dodging
 + Level 4.9 Stealth
 + Level 2.8 Spellcasting
 + Level 4.3 Hexes


You had 3 spell levels left.
You knew the following spells:

 Your Spells              Type           Power      Damage    Failure   Level
a - Corona                Hex            17%        N/A       3%          1
b - Ensorcelled Hibernat  Hex/Ice        18%        N/A       12%         2

Your spell library contained the following spells:

 Spells                   Type           Power      Damage    Failure   Level
 Confusing Touch          Hex            16%        N/A       10%         3
 Tukima's Dance           Hex            16%        N/A       10%         3
 Dazzling Flash           Conj/Hex       18%        N/A       24%         3


Dungeon Overview and Level Annotations

Branches:
Dungeon (1/15)

Altars:


Innate Abilities, Weirdness & Mutations

You are very small and have problems with some larger weapons.
You are too small for most types of armour.
You have supernaturally acute eyesight. (SInv)
You cover ground extremely quickly. (Speed+++)


Message History

Aiming: Corona (safe; 3% risk of failure)
Press: ? - help, Shift-Dir - straight line, f - hobgoblin, p - kobold
Aim: a hobgoblin (chance to affect: 71%)
The hobgoblin is outlined in light.
The bat barely misses you.
Sorry, you're not good enough to have a special ability.
You hit the kobold but do no damage. The bat misses you.
The kobold closely misses you.
You hit the bat.
The bat is severely wounded.
The kobold stops glowing.
The bat barely misses you.
The kobold hits you with a +0 short sword.
The hobgoblin completely misses you.
You hit the kobold but do no damage.
The kobold hits you with a +0 short sword.
The hobgoblin hits you but does no damage.
The bat hits you.
You are too injured to fight recklessly!
You are too injured to fight recklessly!
You are too injured to fight recklessly!
You are too injured to fight recklessly!
You are too injured to fight recklessly!
The hobgoblin hits you but does no damage.
The bat hits you but does no damage. The bat closely misses you.
You hit the bat.
You kill the bat!
Casting: Corona (safe; 3% risk of failure)
Confirm with . or Enter, or press ? or * to list all spells.
Aiming: Corona (safe; 3% risk of failure)
Press: ? - help, Shift-Dir - straight line, f - kobold, p - hobgoblin
Aim: a kobold, wielding a +0 short sword and quivering stones (chance to affect: 71%)
The kobold is outlined in light.
The kobold throws a stone.
The stone completely misses you.
You barely miss the hobgoblin. The hobgoblin hits you.
* * * LOW HITPOINT WARNING * * *
The kobold barely misses you.
You hit the hobgoblin.
The hobgoblin is severely wounded.
The hobgoblin stops glowing.
The hobgoblin hits you.
You die...

...###>##..##........###
.....#...............#
.#...................# #######
.....).##...>........# .......
.###................## ?......
.............##.....# .......
..........##....###.###.......
..........##.....K............
.#####..........@g..#.........
## #.#..............#.......
##.#...........####!......
#..............# .......
#.#.....####...# .......
##...#.### #...# #######
####....#.# #...# #.......#.#
##..# ..###.....# #..#


You could see a hobgoblin and a kobold (corona).

Vanquished Creatures
  A gnoll (D:1)
  2 ball pythons (D:1)
  2 bats (D:1)
  An endoplasm (D:1)
  3 goblins (D:1)
  A hobgoblin (D:1)
10 creatures vanquished.

Notes
Turn   | Place    | Note
-------+----------+-------------------------------------------
     0 | D:1      | soggyman666 the Spriggan Enchanter began the quest for the
                  | Orb.
     0 | D:1      | Reached XP level 1. HP: 9/9 MP: 5/5
    76 | D:1      | Reached XP level 2. HP: 6/13 MP: 4/6
   269 | D:1      | Learned a level 2 spell: Ensorcelled Hibernation
   629 | D:1      | Slain by a hobgoblin

Illustrated notes

Levels and vault maps discovered:
D:1:      minmay_arrival_nine_rooms, layout_rooms

Skill      XL: |  1 |
---------------+----+-----
Hexes          | 4 |  4.3
Short Blades   | |  1.1
Dodging        | |  2.7
Stealth        | |  4.9
Spellcasting   | |  2.8

Action                   || total
-------------------------++-------
Melee: Dagger            ||    44
 Cast: Corona            ||    11
  Use: Scroll            ||     1
       Potion            ||     1
 Stab: Sleeping          ||     1
Armor: Robe              ||     4
Dodge: Dodged            ||    48
